 Dungeon Crawl Stone Soup version 0.32-a0-928-g1cae6b7ea0 (webtiles) character file.

Game seed: 12862308698445918566

8893 Hubris850 the Skirmisher (level 11, -4/80 HPs)
             Began as a Coglin Hunter on Apr 12, 2024.
             Was a Priest of Dithmenos.
             Slain by a vampire (7 damage)
             ... on level 10 of the Dungeon.
             The game lasted 00:30:16 (9155 turns).

Hubris850 the Skirmisher (Coglin Hunter)            Turns: 9155, Time: 00:30:17

Health: -4/80      AC:  8    Str: 11    XL:     11   Next: 38%
Magic:  12/12      EV: 14    Int: 12    God:    Dithmenos [***...]
Gold:   719        SH:  0    Dex: 22    Spells: 10/10 levels left

rFire   . . .        a - +6 sling (drain) {Myungok}
rCold   . . .        d - +0 sling {Navbir}
rNeg    . . .        z - +0 steam dragon scales
rPois   .            C - +1 hat {Int+3}
rElec   .            A - scarf {+Inv}
rCorr   .            p - +1 pair of gloves
SInv    .            (no boots)
Will    .....        (amulet unavailable)
Stlth   ++++++       (ring unavailable)
HPRegen 0.33/turn    (ring unavailable)
MPRegen 0.13/turn    (no gizmo)

%: no passive effects
@: wreathed by umbra, revving
A: off-hand wielding, slow wielding, warmup strikes, no jewellery
a: Invent Gizmo, Renounce Religion, Evoke Invisibility, Shadow Step


You were on level 10 of the Dungeon.
You worshipped Dithmenos.
Dithmenos was most pleased with you.
You visited 1 branch of the dungeon, and saw 10 of its levels.

You collected 719 gold pieces.

Inventory:

Hand Weapons
 a - a +6 sling of draining (weapon) {Myungok}
 d - a +0 sling (offhand) {Navbir}
 g - a +0 whip of venom
 E - a +2 whip of flaming
 G - a +4 long sword
 K - a +3 trident of draining
 L - a +1 whip of electrocution
Missiles
 f - 7 boomerangs
 l - 11 poisoned darts
 H - a curare-tipped dart
 I - 2 throwing nets
Armour
 c - a +0 leather armour
 o - a +0 cloak
 p - a +1 pair of gloves (worn)
 y - a +1 chain mail of poison resistance
 z - +0 steam dragon scales (worn)
 A - a scarf of invisibility (worn)
 C - a +1 hat of intelligence (worn)
Wands
 e - a wand of quicksilver (3)
 s - a wand of warping (13)
 u - a wand of polymorph (9)
 w - a wand of mindburst (23)
 x - a wand of flame (53)
 B - a wand of digging (8)
Scrolls
 b - a scroll of butterflies
 i - 2 scrolls of fear
 j - a scroll of immolation
 v - a scroll of teleportation
 F - a scroll of torment
Potions
 h - a potion of cancellation
 k - 3 potions of haste
 m - 2 potions of mutation
 n - 2 potions of resistance
 q - 2 potions of berserk rage
 r - 3 potions of enlightenment
 t - 6 potions of curing
 D - a potion of heal wounds
 M - a potion of might
 N - 2 potions of brilliance {unknown}
 P - a potion of lignification {unknown}


   Skills:
 + Level 5.5 Fighting
 - Level 14.0 Ranged Weapons
 - Level 5.0 Dodging
 - Level 9.0 Stealth
 - Level 2.0 Invocations
 + Level 5.4 Evocations


You had 10 spell levels left.
You didn't know any spells.
Your spell library contained the following spells:

 Spells                   Type           Power      Damage    Failure   Level
 Blink                    Tloc           0%         N/A       45%         2
 Lesser Beckoning         Tloc           0%         N/A       45%         2
 Momentum Strike          Conj/Tloc      0%         3d8       45%         2
 Tukima's Dance           Hex            0%         N/A       69%         3
 Anguish                  Hex/Necr       0%         N/A       97%         4
 Animate Dead             Necr           0%         N/A       97%         4
 Cause Fear               Hex            0%         N/A       97%         4
 Dimensional Bullseye     Hex/Tloc       0%         N/A       97%         4
 Iskenderun's Mystic Bla Conj/Tloc 0%             2d3        (+2d1     97%         4
 Borgnjor's Vile Clutch   Necr/Erth      0%         N/A       100%        5
 Death Channel            Necr           0%         N/A       100%        6
 Enfeeble                 Hex            0%         N/A       100%        7


Dungeon Overview and Level Annotations

Branches:
Dungeon (10/15)            Temple (0/1) D:5
   Lair: D:8-11         Orc: D:9-12

Altars:
Ashenzari
Dithmenos
Elyvilon
Fedhas
Gozag
Kikubaaqudgha
Makhleb
Okawaru
Qazlal
Sif Muna
Wu Jian
Yredelemnul
Beogh

Shops:
D:9 :


Innate Abilities, Weirdness & Mutations

You can wield a second weapon in your off-hand.
It takes a long time for you to wield or remove held weapons.
Your first few attacks do less damage.
You cannot equip rings or amulets.


Message History

You shoot a sling bullet.
The sling bullet closely misses the vampire.
You shoot a sling bullet.
The sling bullet closely misses the vampire.
The vampire hits you but does no damage.
The vampire misses you.
You shoot a sling bullet.
The sling bullet barely misses the vampire.
You shoot a sling bullet.
The sling bullet barely misses the vampire.
You shoot a sling bullet.
The sling bullet hits the vampire but does no damage.
The vampire is moderately damaged.
You shoot a sling bullet.
The sling bullet hits the vampire but does no damage.
The vampire is moderately damaged.
The vampire gestures wildly while chanting.
The vampire flickers and vanishes!
Deactivating autopickup; reactivate with Ctrl-A.
No target in view!
You shoot a sling bullet. x2; Something hits you but does no damage.
Something bites you but does no damage.
You shoot a sling bullet. x2
You shoot a sling bullet. x2; Something hits you but does no damage.
Something bites you.
Something draws strength from your injuries!
You shoot a sling bullet. x2; Something hits you.
Something bites you!
Something draws strength from your injuries!
You shoot a sling bullet. x2
You shoot a sling bullet. x2; Something draws life force from you!
* * * LOW HITPOINT WARNING * * *
You shoot a sling bullet. x2; Something hits you.
* * * LOW HITPOINT WARNING * * *
Something bites you!
* * * LOW HITPOINT WARNING * * *
Something draws strength from your injuries!
You shoot a sling bullet. x2; Something hits you!
* * * LOW HITPOINT WARNING * * *
Something bites you!
You die...

...#########.###.##..###
.................#..##
...#......##..#..#.##
...#.####.....#..#.#
...#.# #..##..>...#
...#.# #..##.##.###
...#.# #.....##.# .....#
##.##.##.# ######
#.#####@# #.....{.#
#########


There were no monsters in sight!

Vanquished Creatures
  Gastronok (D:8)
  3 two-headed ogres
  Pikel (D:8)
  Joseph (D:10)
  Jeremiah (D:9)
  A komodo dragon (D:9)
  Psyche (D:8)
  5 yaks
  Eustachio (D:4)
  4 wyverns
  3 steam dragons
  A basilisk (D:10)
  A black bear (D:5)
  2 orc warriors
  An ice beast (D:8)
  An ogre (D:4)
  3 centaurs
  3 lemures (D:8)
  A kobold brigand (D:8)
  3 bullfrogs
  2 scorpions
  A wight (D:8)
  3 killer bees (D:8)
  A howler monkey (D:9)
  4 electric eels (D:7)
  A bombardier beetle (D:5)
  A crimson imp (D:6)
  3 jellies
  Crazy Yiuf (D:2)
  6 orc priests
  6 hounds
  A sleepcap (D:6)
  Jessica (D:2)
  3 iguanas (D:5)
  Ijyb (D:4)
  Natasha (thrice) (D:2)
  4 orc wizards
  4 gnolls (D:5)
  7 adders
  2 shadow imps
  2 white imps
  2 ufetubi (D:6)
  2 dart slugs
  2 ribbon worms (D:2)
  49 orcs
  4 bats
  6 endoplasms
  3 giant cockroaches
  4 goblins
  9 hobgoblins
  3 jackals (D:1)
  2 quokkas
  5 ball pythons
  5 kobolds
  8 rats
199 creatures vanquished.

Notes
Turn   | Place    | Note
-------+----------+-------------------------------------------
     0 | D:1      | Hubris850 the Coglin Hunter began the quest for the Orb.
     0 | D:1      | Reached XP level 1. HP: 16/16 MP: 1/1
    77 | D:1      | Reached skill level 1 in Stealth
   156 | D:1      | Reached XP level 2. HP: 22/22 MP: 2/2
   274 | D:1      | Reached skill level 4 in Ranged Weapons
   360 | D:1      | Reached XP level 3. HP: 27/27 MP: 3/3
   847 | D:2      | Noticed Natasha
   850 | D:2      | Killed Natasha
   851 | D:2      | Reached XP level 4. HP: 33/33 MP: 4/4
   908 | D:2      | Noticed Jessica
   913 | D:2      | Killed Jessica
   995 | D:2      | Reached skill level 5 in Ranged Weapons
  1010 | D:2      | Reached XP level 5. HP: 38/38 MP: 5/5
  1052 | D:2      | Noticed Natasha
  1056 | D:2      | Killed Natasha
  1221 | D:2      | Noticed Natasha
  1224 | D:2      | Killed Natasha
  1538 | D:2      | Found a runed translucent door.
  1539 | D:2      | Noticed Crazy Yiuf
  1548 | D:2      | Killed Crazy Yiuf
  1817 | D:3      | Found a basalt altar of Yredelemnul.
  1837 | D:3      | Found an iron altar of Okawaru.
  1956 | D:3      | Found a broken altar of Ashenzari.
  2418 | D:4      | Reached XP level 6. HP: 44/44 MP: 6/6
  2738 | D:4      | Noticed Eustachio
  2747 | D:4      | Killed Eustachio
  2748 | D:4      | Reached skill level 6 in Ranged Weapons
  2893 | D:4      | Found a shadowy altar of Dithmenos.
  2901 | D:4      | Became a worshipper of Dithmenos the Shadowed
  2984 | D:4      | Noticed Ijyb
  2995 | D:4      | Killed Ijyb
  3210 | D:4      | Reached XP level 7. HP: 48/50 MP: 7/7
  3702 | D:5      | Entered Level 5 of the Dungeon
  3777 | D:5      | Found an ancient bone altar of Kikubaaqudgha.
  3832 | D:5      | Reached skill level 7 in Ranged Weapons
  3972 | D:5      | Found a staircase to the Ecumenical Temple.
  4019 | D:5      | Reached skill level 8 in Ranged Weapons
  4163 | D:5      | Reached XP level 8. HP: 56/56 MP: 8/8
  4638 | D:6      | Found a shimmering blue altar of Sif Muna.
  4841 | D:6      | Found a burning altar of Makhleb.
  4862 | D:6      | Reached skill level 9 in Ranged Weapons
  5030 | D:6      | Reached skill level 5 in Stealth
  5041 | D:6      | Reached * piety under Dithmenos
  5324 | D:7      | Noticed a wyvern
  5331 | D:7      | Killed a wyvern
  5386 | D:7      | Reached skill level 10 in Ranged Weapons
  5392 | D:7      | Found a transporter.
  5409 | D:7      | Found a transporter.
  5742 | D:7      | Reached skill level 11 in Ranged Weapons
  5742 | D:7      | Reached XP level 9. HP: 51/61 MP: 9/9
  5877 | D:7      | Found an opulent altar of Gozag.
  6435 | D:8      | Noticed Pikel
  6461 | D:8      | Killed Pikel
  6462 | D:8      | Reached skill level 12 in Ranged Weapons
  6629 | D:8      | Found a white marble altar of Elyvilon.
  6717 | D:8      | Noticed Psyche
  6742 | D:8      | Killed Psyche
  6750 | D:8      | Reached skill level 13 in Ranged Weapons
  6975 | D:8      | Noticed Gastronok
  6995 | D:8      | Reached XP level 10. HP: 52/67 MP: 10/10
  6996 | D:8      | Killed Gastronok
  6996 | D:8      | Reached ** piety under Dithmenos
  6997 | D:8      | Reached skill level 14 in Ranged Weapons
  7492 | D:9      | Reached skill level 1 in Invocations
  7529 | D:9      | Found Buatybb's Self-Improvement Boutique.
  7539 | D:9      | Noticed Jeremiah
  7555 | D:9      | Killed Jeremiah
  7827 | D:9      | Reached *** piety under Dithmenos
  8042 | D:9      | Found a roughly hewn altar of Beogh.
  8101 | D:9      | Found a blossoming altar of Fedhas.
  8237 | D:9      | Noticed a two-headed ogre
  8243 | D:9      | Killed a two-headed ogre
  8422 | D:9      | Found a stormy altar of Qazlal.
  8609 | D:10     | Entered Level 10 of the Dungeon
  8622 | D:10     | Noticed Joseph
  8627 | D:10     | Reached XP level 11. HP: 77/77 MP: 12/12
  8647 | D:10     | Killed Joseph
  8845 | D:10     | Reached skill level 5 in Fighting
  8885 | D:10     | Found an ornate altar of the Wu Jian Council.
  8901 | D:10     | Noticed a two-headed ogre
  8903 | D:10     | Noticed a two-headed ogre
  8911 | D:10     | Killed a two-headed ogre
  8912 | D:10     | Reached skill level 5 in Evocations
  8915 | D:10     | Killed a two-headed ogre
  8916 | D:10     | Reached skill level 5 in Dodging
  9155 | D:10     | HP: 3/80 [something (7)]
  9155 | D:10     | Slain by a vampire

Illustrated notes

Levels and vault maps discovered:
D:1:      reono_arrival_forest_river, layout_loops_ring, minmay_bisected
D:2:      layout_loops_ring, minmay_tiny_reverse_x, uniq_jessica, uniq_natasha,
          uniq_crazy_yiuf_cottage
D:3:      layout_rooms, okawaru_ov_weapons_minmay, nicolae_ashenzari_panopticon,
          mainiacjoe_overflow_small_starburst, supply_closet_lemuel
D:4:      minmay_skewed_foursquare, layout_loops_ring,
          nicolae_dithmenos_the_darkroom, hangedman_decor_push,
          minmay_strange_pillars, uniq_eustachio, uniq_ijyb
D:5:      layout_loops_ring, kennysheep_mini_moat, temple_statues
D:6:      layout_loops_ring, mainiacjoe_overflow_concentric_impassable,
          makhleb_grotto_becter, minmay_misc_feat_alley,
          nicolae_underground_beach
D:7:      gammafunk_steamed_eel, layout_loops_ring,
          nicolae_overflow_hidden_temple
D:8:      layout_basic, mainiacjoe_overflow_six_doors_small, grunt_tough_drop,
          uniq_pikel, uniq_psyche, uniq_gastronok
D:9:      layout_roguey [special_room_orc], nicolae_qazlal_eye_of_the_storm,
          fedhas_bush_and_centaur_altar, nicolae_shop_self_help, uniq_jeremiah
D:10:     layout_basic, mainiacjoe_overflow_brackets, nzn_wu_jian_contemplation,
          david_lair_shrubbed, uniq_joseph, uniq_erica

Skill      XL: |  1  2  3  4  5  6  7  8  9 10 11 |
---------------+----------------------------------+-----
Stealth        | 1 2 3 4 6 7 9 |  9.0
Ranged Weapons | 4 5 6 8 11 13 14 | 14.0
Dodging        | 3 5 |  5.0
Invocations    | 2 |  2.0
Fighting       | 4 5 |  5.5
Evocations     | 3 5 |  5.4

Action                     |  1- 3 |  4- 6 |  7- 9 | 10-12 || total
---------------------------+-------+-------+-------+-------++-------
  Melee: Sling             |       |       |       |     4 ||     4
   Fire: Sling             |   122 |   226 |   476 |   420 ||  1244
  Evoke: Wand              |       |       |     7 |     5 ||    12
    Use: Scroll            |     4 |    10 |     9 |     5 ||    28
         Potion            |       |     1 |     5 |       ||     6
 Armour: Leather armour    |    12 |    25 |    33 |       ||    70
         Steam dragon scal |       |       |    36 |    56 ||    92
  Dodge: Dodged            |     7 |    23 |    61 |    35 ||   126

Table legend: (Time is in decaauts)
 A = Elapsed time spent in this place.
 B = Non-inter-level travel time spent in this place.
 C = Inter-level travel time spent in this place.
 D = Time resting spent in this place.
 E = Time spent auto-exploring this place.
 F = Levels seen in this place.
 G = Mean time per level.
                   A        B        C        D        E       F      G
               +--------+--------+--------+--------+--------+-----+--------+
         Total |   9125 |   8887 |    238 |   1759 |   5663 |  10 |  912.5 |
       Dungeon |   9125 |   8887 |    238 |   1759 |   5663 |  10 |  912.5 |
               +--------+--------+--------+--------+--------+-----+--------+

Top non-repeatable levels by time:
     D:4: 1336 daAuts
     D:9: 1158 daAuts
     D:7: 1110 daAuts
     D:8: 1033 daAuts
     D:2: 935 daAuts
     D:5: 869 daAuts
     D:1: 835 daAuts
     D:6: 747 daAuts
     D:3: 637 daAuts
    D:10: 461 daAuts
